 Dungeon Crawl Stone Soup version 0.28.0-1-gb440e238dd (webtiles) character file.

Game seed: 7313930225945949228

18242 boopmooplesden the Cleaver (level 12, -5/110 HPs)
             Began as a Minotaur Fighter on Feb 21, 2022.
             Was an Elder of Okawaru.
             Collided with some lava (7 damage)
             ... caused by a swamp worm
             ... on level 1 of the Lair of Beasts.
             The game lasted 00:25:24 (13178 turns).

boopmooplesden the Cleaver (Minotaur Fighter)      Turns: 13178, Time: 00:25:25

Health: -5/110     AC: 14    Str: 28    XL:     12   Next: 26%
Magic:  11/11      EV: 14    Int:  7    God:    Okawaru [****..]
Gold:   469        SH:  9    Dex: 25    Spells: 11/11 levels left

rFire   + . .      SeeInvis .   b - +12 fustibalus of Okawaru's Whim {venom, rF+}
rCold   . . .      Faith    .   c - +2 buckler
rNeg    + . .      Spirit   .   r - +1 scale mail of Inference {Dex+5}
rPois   .          Reflect  .   d - +2 hat
rElec   .          Harm     .   F - +2 cloak {Will+}
rCorr   .          Rampage  .   (no gloves)
Will    ++...                   (no boots)
Stlth   +.........              (no amulet)
HPRegen 0.28/turn               g - +6 ring of strength
MPRegen 0.12/turn               w - ring "Baunugir" {rN+ Will+ Int+2 Dex+6}

@: no status effects
A: horns 2, retaliatory headbutt
a: Renounce Religion, Heroism, Finesse


You were on level 1 of the Lair of Beasts.
You worshipped Okawaru.
Okawaru was greatly pleased with you.
You visited 3 branches of the dungeon, and saw 15 of its levels.

You collected 969 gold pieces.
You spent 500 gold pieces at shops.

Inventory:

Hand Weapons
 a - a +3 war axe
 b - the +12 fustibalus of Okawaru's Whim (weapon) {venom, rF+}
   (You bought it in a shop on level 10 of the Dungeon)

   Any ammunition fired from it poisons the flesh of those it strikes.
   rF:        It protects you from fire.
 s - a +1 whip of pain
 A - a +0 hunting sling
 M - a +4 hand crossbow
Missiles
 o - 2 throwing nets
 v - 49 sling bullets (quivered ammo)
 C - 128 bolts
Armour
 c - a +2 buckler (worn)
 d - a +2 hat (worn)
 r - the +1 scale mail of Inference (worn) {Dex+5}
   (You found it on level 3 of the Dungeon)

   Dex:       It affects your dexterity (+5).
 F - a +2 cloak of willpower (worn)
Jewellery
 g - a +6 ring of strength (left hand)
 n - a ring of ice
 u - a +4 ring of evasion
 w - the ring "Baunugir" (right hand) {rN+ Will+ Int+2 Dex+6}
   (You acquired it on level 8 of the Dungeon)

   [ring of dexterity]

   Int:       It affects your intelligence (+2).
   Dex:       It affects your dexterity (+6).
   rN:        It protects you from negative energy.
   Will:      It increases your willpower.
 y - a +4 ring of evasion
 B - an amulet of the acrobat
 G - an amulet of magic regeneration
 K - an amulet of faith
Wands
 p - a wand of mindburst (21)
 D - a wand of iceblast (11)
 P - a wand of polymorph (5)
Scrolls
 e - 2 scrolls of immolation
 i - a scroll of silence
 l - 5 scrolls of fog
 z - 3 scrolls of teleportation
 E - a scroll of amnesia
 H - 2 scrolls of fear
Potions
 f - 2 potions of berserk rage
 k - 3 potions of curing
 m - 2 potions of invisibility
 q - 2 potions of brilliance
 t - a potion of mutation
 x - a potion of magic
 I - 2 potions of attraction
 J - 2 potions of ambrosia {unknown}
 N - a potion of flight {unknown}
 Q - 4 potions of lignification
 S - a potion of degeneration {unknown}
Miscellaneous
 R - a box of beasts


   Skills:
 + Level 11.1 Fighting
 + Level 14.0 Axes
 + Level 7.5 Slings
 + Level 7.1 Crossbows
 + Level 9.4 Armour
 + Level 5.3 Dodging
 + Level 2.1 Stealth
 + Level 7.3 Shields
 + Level 1.1 Invocations


You had 11 spell levels left.
You didn't know any spells.
Your spell library contained the following spells:

 Spells                   Type           Power      Damage    Failure   Level
 Apportation              Tloc           0%         N/A       75%         1
 Shock                    Conj/Air       0%         1d3       75%         1
 Static Discharge         Conj/Air       0%         N/A       86%         2
 Sublimation of Blood     Necr           0%         N/A       86%         2
 Wereblood                Tmut           0%         N/A       86%         2
 Swiftness                Air            0%         N/A       98%         3
 Airstrike                Air            0%         N/A       100%        4
 Lightning Bolt           Conj/Air       0%         1d11      100%        5
 Maxwell's Capacitive Co  Air            0%         ∞         100%        8
 Animate Skeleton         Necr           Unusable   N/A       N/A         1
 Summon Small Mammal      Summ           Unusable   N/A       N/A         1
 Summon Hydra             Summ           Unusable   N/A       N/A         7

Dungeon Overview and Level Annotations

Branches:
Dungeon (12/15)            Temple (1/1) D:6            Lair (2/6) D:10
    Orc (0/2) D:11
  Swamp: Lair:2-4    Shoals: Lair:2-4     Snake: Lair:2-4    Spider: Lair:2-4

Altars:
Ashenzari
Cheibriados
Dithmenos
Elyvilon
Fedhas
Gozag
Hepliaklqana
Kikubaaqudgha
Makhleb
Nemelex Xobeh
Okawaru
Qazlal
Ru
Sif Muna
Trog
Uskayaw
Vehumet
Wu Jian
Xom
Yredelemnul
Zin
The Shining One

Shops:
D:1 =   D:8 *   D:10 !!(*(

Annotations:
Lair:1 1 transporter


Innate Abilities, Weirdness & Mutations

You have a pair of horns on your head.
You reflexively headbutt those who attack you in melee.


Message History

The swamp worm fires a harpoon shot at you.
The harpoon shot hits you!
* * * LOW HITPOINT WARNING * * *
You are yanked forward by the harpoon shot.
You violently stop moving!
The swamp worm fires a harpoon shot at you.
The harpoon shot misses you.
Fire: 52 sling bullets
Press: ? - help, Q - select action, (/) - cycle Shift-Dir - straight line, f/p - swamp worm
Aim: a swamp worm (severely wounded, extremely poisoned, 72% to hit)
You shoot a sling bullet. The sling bullet hits the swamp worm.
The swamp worm is severely wounded.
The swamp worm fires a harpoon shot at you.
The harpoon shot hits you!!
* * * LOW HITPOINT WARNING * * *
You are yanked forward by the harpoon shot.
You violently stop moving!
You feel much better.
Fire: 51 sling bullets
Press: ? - help, Q - select action, (/) - cycle Shift-Dir - straight line, f/p - swamp worm
Aim: a swamp worm (severely wounded, extremely poisoned, 72% to hit)
You shoot a sling bullet.
The sling bullet barely misses the swamp worm.
The swamp worm fires a harpoon shot at you.
The harpoon shot hits you.
* * * LOW HITPOINT WARNING * * *
You are yanked forward by the harpoon shot.
You violently stop moving!
* * * LOW HITPOINT WARNING * * *
Fire: 50 sling bullets
Press: ? - help, Q - select action, (/) - cycle Shift-Dir - straight line, f/p - swamp worm
Aim: a swamp worm (severely wounded, extremely poisoned, 72% to hit)
You shoot a sling bullet.
The sling bullet closely misses the swamp worm.
The swamp worm fires a harpoon shot at you.
The harpoon shot hits you!
* * * LOW HITPOINT WARNING * * *
You are yanked forward by the harpoon shot.
You violently stop moving!
You die...

..................#..#.......#...
..............P........##.##.....
.........##.......##.#.##.##.....
.........##.......##.#.##.##.....
.........##.......##.............
.........##....©.......##........
.......P.....#####.....##.P#.....
.......#.#.###P©P###...##.##.....
.......#.#.##≈(^@≈♣#......##....#
.......#...#(§P§P≈##.......#..##.
#........#.##§P^P≈w#.........#...
#......#.#.#♣§P^☼###......#.#....
.......#...###☼^P§♣#.......#..#÷#
#......#...#w≈P^P≈##......#..#...
...........##§P○P§w#.........#...
#..........####+####.........#...
.......#.....#(($#...........#...


You could see 3 swamp worms.

Vanquished Creatures
  Gastronok (D:8)
  Harold (D:7)
  A boulder beetle (D:11)
  2 two-headed ogres (D:11)
  Pikel (D:7)
  A cyclops (D:11)
  Maurice (D:8)
  Joseph (D:7)
  A black mamba (Lair:1)
  2 cane toads (Lair:1)
  2 kobold demonologists (D:11)
  A freezing wraith (D:11)
  2 komodo dragons (Lair:1)
  3 trolls
  5 blink frogs (Lair:1)
  3 shadows
  22 yaks
  A wraith (D:11)
  A wyvern (D:7)
  The ghost of ReploidZero the Conjurer, an amateur DrCj (D:3)
  Menkaure (D:7)
  A swamp worm (Lair:1)
  4 water moccasins
  5 orc warriors
  A hornet zombie (D:9)
  3 sky beasts
  2 necrophages
  3 ogres
  2 black bears
  3 centaurs
  A lemure (D:7)
  3 kobold brigands
  7 bullfrogs
  A wyvern zombie (D:6)
  A wyvern skeleton (D:7)
  3 scorpions (D:5)
  13 wights
  7 killer bees
  A howler monkey (D:9)
  4 centaur zombies
  A hound (D:6)
  7 orc priests
  A centaur skeleton (D:3)
  A gnoll shaman (D:9)
  A bullfrog skeleton (D:5)
  3 iguanas
  14 orc wizards
  A killer bee zombie (D:3)
  A hound skeleton (D:4)
  A howler monkey zombie (D:8)
  2 howler monkey skeletons (D:7)
  4 gnolls (D:9)
  9 adders
  2 shadow imps
  A white imp (D:8)
  5 dart slugs
  40 orcs
  6 bats
  6 endoplasms
  A giant cockroach (D:1)
  7 goblins
  6 hobgoblins
  16 jackals
  15 kobolds
  2 quokkas
  3 ball pythons
  5 frilled lizards
  7 rats
  A briar patch (Lair:1)
288 creatures vanquished.

Vanquished Creatures (others)
  A briar patch (Lair:1)
  8 fungi (Lair:1)
  10 plants
19 creatures vanquished.

Grand Total: 307 creatures vanquished

Notes
Turn   | Place    | Note
-------+----------+-------------------------------------------
     0 | D:1      | boopmooplesden the Minotaur Fighter began the quest for the
                  | Orb.
     0 | D:1      | Reached XP level 1. HP: 19/19 MP: 0/0
   129 | D:1      | Found a faded altar of an unknown god.
   161 | D:1      | Reached XP level 2. HP: 25/27 MP: 1/1
   428 | D:1      | Found Qicil's Jewellery Shop.
  1095 | D:2      | Reached XP level 3. HP: 33/33 MP: 2/2
  1399 | D:2      | Reached skill level 3 in Axes
  1513 | D:2      | Reached skill level 1 in Dodging
  1779 | D:2      | Reached XP level 4. HP: 40/41 MP: 3/3
  2102 | D:3      | Found a runed translucent gate.
  2102 | D:3      | Found a runed translucent gate.
  2102 | D:3      | Found a runed translucent gate.
  2102 | D:3      | Noticed ReploidZero's ghost (amateur DrCj)
  2103 | D:3      | Noticed a sky beast
  2130 | D:3      | Killed a sky beast
  2131 | D:3      | Reached skill level 4 in Axes
  2131 | D:3      | Reached XP level 5. HP: 18/47 MP: 4/4
  2574 | D:3      | Identified the +1 scale mail of Inference {Dex+5}
  3037 | D:4      | Reached skill level 1 in Slings
  3480 | D:5      | Entered Level 5 of the Dungeon
  3483 | D:5      | Noticed an ogre
  3487 | D:5      | Reached XP level 6. HP: 48/53 MP: 5/5
  3585 | D:5      | Reached skill level 5 in Axes
  3613 | D:5      | Reached skill level 5 in Armour
  3668 | D:5      | Reached skill level 5 in Fighting
  3686 | D:5      | Reached XP level 7. HP: 54/61 MP: 6/6
  3992 | D:5      | Reached skill level 6 in Axes
  4343 | D:6      | Reached skill level 1 in Crossbows
  4621 | D:7      | Reached XP level 8. HP: 60/69 MP: 7/7
  4639 | D:7      | Reached skill level 7 in Axes
  4786 | D:7      | Noticed Harold
  4849 | D:8      | Noticed a troll
  4894 | D:8      | Killed a troll
  4895 | D:8      | Reached skill level 5 in Shields
  5324 | D:8      | Noticed Gastronok
  5348 | D:8      | Killed Gastronok
  5349 | D:8      | Reached skill level 8 in Axes
  5349 | D:8      | Reached skill level 5 in Crossbows
  5349 | D:8      | Reached XP level 9. HP: 79/79 MP: 8/8
  5492 | D:8      | Reached skill level 9 in Axes
  5595 | D:8      | Noticed Maurice
  5611 | D:8      | Killed Maurice
  5656 | D:8      | Found Funest's General Store.
  5861 | D:8      | Reached XP level 10. HP: 88/88 MP: 9/9
  6076 | D:7      | Noticed Menkaure
  6083 | D:7      | Killed Menkaure
  6446 | D:8      | Identified a scroll of acquirement
  6446 | D:8      | Acquired the ring "Baunugir" {rN+ Will+ Int+2 Dex+6}
  6480 | D:9      | Reached skill level 10 in Axes
  6739 | D:9      | Reached skill level 1 in Stealth
  7545 | D:7      | Killed Harold
  7546 | D:7      | Reached skill level 11 in Axes
  7840 | D:7      | Noticed Pikel
  7842 | D:7      | Noticed Joseph
  7855 | D:7      | Killed Pikel
  7861 | D:7      | Killed Joseph
  8488 | D:6      | Reached skill level 10 in Fighting
  8563 | D:6      | Found a staircase to the Ecumenical Temple.
  8598 | D:6      | Found a sacrificial altar of Ru.
  8598 | D:6      | Found a shimmering altar of Xom.
  8633 | D:6      | Found an ornate altar of the Wu Jian Council.
  8633 | D:6      | Found a broken altar of Ashenzari.
  8639 | D:6      | Found an ancient bone altar of Kikubaaqudgha.
  8641 | D:6      | Found a hazy altar of Hepliaklqana.
  8643 | D:6      | Found a glowing silver altar of Zin.
  8703 | Temple   | Entered the Ecumenical Temple
  8905 | Temple   | Became a worshipper of Warmaster Okawaru
  8983 | D:10     | Entered Level 10 of the Dungeon
  8992 | D:10     | Reached skill level 12 in Axes
  8992 | D:10     | Reached XP level 11. HP: 68/99 MP: 10/10
  9125 | D:10     | Found Raliumio's Antique Weapon Shop.
  9245 | D:10     | Bought a steaming fustibalus for 500 gold pieces
  9245 | D:10     | Identified the +12 fustibalus of Okawaru's Whim {venom,
                  | rF+} (You bought it in a shop on level 10 of the Dungeon)
  9249 | D:10     | Found Geli's General Store.
  9257 | D:10     | Reached * piety under Okawaru
  9285 | D:10     | Found Tixumneg's Antique Weapon Shop.
  9390 | D:10     | Found Vawem's Distillery.
  9520 | D:10     | Found a staircase to the Lair.
  9552 | D:10     | Found Mausm's Distillery.
  9931 | D:3      | Killed ReploidZero's ghost
 10150 | D:11     | Noticed a boulder beetle
 10155 | D:11     | Killed a boulder beetle
 10155 | D:11     | Reached ** piety under Okawaru
 10178 | D:11     | Reached skill level 5 in Slings
 10330 | D:11     | Reached skill level 1 in Invocations
 10338 | D:11     | Reached *** piety under Okawaru
 10557 | D:11     | Found an opulent altar of Gozag.
 10639 | D:11     | Noticed a two-headed ogre
 10643 | D:11     | Killed a two-headed ogre
 10643 | D:11     | Received a gift from Okawaru
 10652 | D:11     | Reached skill level 13 in Axes
 10780 | D:11     | Noticed a two-headed ogre
 10787 | D:11     | Killed a two-headed ogre
 10787 | D:11     | Received a gift from Okawaru
 10788 | D:11     | Reached skill level 5 in Dodging
 10953 | D:11     | Found a staircase to the Orcish Mines.
 11155 | D:12     | Noticed a death knight
 11155 | D:12     | Noticed a phantasmal warrior
 11170 | D:11     | Reached **** piety under Okawaru
 11264 | Lair:1   | Entered Level 1 of the Lair of Beasts
 11489 | Lair:1   | Reached XP level 12. HP: 70/108 MP: 11/11
 12078 | Lair:1   | Found a transporter.
 12104 | Lair:1   | Found a transporter.
 12227 | Lair:1   | Received a gift from Okawaru
 12600 | Lair:2   | Noticed a seven-headed hydra
 12618 | Lair:1   | Reached skill level 14 in Axes
 13178 | Lair:1   | HP: 2/110 [swamp worm/harpoon shot (17)]
 13178 | Lair:1   | Collided with some lava

Illustrated notes

Levels and vault maps discovered:
D:1:      psy_arrival_statuary, layout_basic, serial_glass, glass_columns_c,
          glass_columns_b, minmay_strange_pillars, item_on_display_a,
          serial_shops, nicolae_shop_advertising_works
          [nicolae_subvault_shop_adworks], hellmonk_ecumenical_altar_crossroads
D:2:      layout_basic, nicolae_figureground_sparkle
D:3:      layout_rooms, gammafunk_ghost_necromancy, minmay_tree_intersection,
          corner_web_ring, dk_noncrumbling_3, hangedman_glass_teeth,
          minmay_fractal_squares_diagonal_5
D:4:      layout_rooms, kennysheep_generic_room_13
D:5:      layout_rooms, grunt_ministairs_15, minmay_misc_feat_rows
D:6:      layout_rooms, gammafunk_temple_overflow_elements,
          chequers_temple_overflow_minitemple, minmay_temple_entry_nine_rooms
D:7:      layout_cave_pools, hangedman_decor_slide_cut, grunt_ministairs_10,
          uniq_pikel, uniq_joseph, uniq_harold, uniq_menkaure
D:8:      layout_loops_cross, minmay_shop_grid_forest, uniq_gastronok,
          uniq_maurice
D:9:      layout_basic, st_stairs_3
D:10:     layout_basic, dpeg_oklobed_lair, serial_shops,
          nicolae_shop_hallway_plus, shop, nicolae_take_the_stairs,
          nicolae_shop_behind_doors, shop_fountains
D:11:     layout_rooms, hiddenorc1_lemuel, grunt_gozag_breadcrumbs
D:12:     layout_roguey, serial_shops, shop, nicolae_ru_the_path_less_chosen
Temple:   regret_index_temple_generic_petals
Lair:1:   gammafunk_worm_tunnel, layout_long_grid, small_statue_intersection,
          grunt_megastairs_2, lemuel_fruit_fields
Lair:2:   layout_cave_pods, special_room [special_room_bee], grunt_megastairs_1

Skill      XL: |  1  2  3  4  5  6  7  8  9 10 11 12 |
---------------+-------------------------------------+-----
Fighting       | 4 5 7 8 10 11 | 11.1
Shields        | 4 5 6 7 |  7.3
Armour         | 4 5 6 7 8 9 |  9.4
Axes           | 3 4 5 6 8 9 12 13 14 | 14.0
Dodging        | 1 2 3 4 5 |  5.3
Slings         | 2 3 7 |  7.5
Crossbows      | 2 5 6 7 |  7.1
Stealth        | 1 2 |  2.1
Invocations    | 1 |  1.1

Action                   |  1- 3 |  4- 6 |  7- 9 | 10-12 || total
-------------------------+-------+-------+-------+-------++-------
Melee: War axe           |    94 |   102 |   115 |   319 ||   630
       Headbutt          |     8 |    10 |    27 |    99 ||   144
 Fire: Hunting sling     |       |    54 |     4 |       ||    58
       Hand crossbow     |       |       |    45 |    20 ||    65
       Fustibalus        |       |       |       |    88 ||    88
Throw: Throwing net      |       |       |       |     1 ||     1
Invok: Heroism           |       |       |       |     1 ||     1
  Use: Scroll            |       |     5 |     2 |    19 ||    26
       Potion            |       |       |     5 |     3 ||     8
Armor: Scale mail        |    59 |    53 |    26 |   112 ||   250
Dodge: Dodged            |    47 |    58 |    70 |   146 ||   321
Block: Buckler           |    30 |    35 |    29 |   125 ||   219
